 Dungeon Crawl Stone Soup version 0.18-a0-1485-g189885c (webtiles) character file.

2129 uiiiytp the Cleaver (level 9, -4/70 HPs)
             Began as a Minotaur Fighter on Mar 3, 2016.
             Shot with an arrow by a centaur (13 damage)
             ... on level 7 of the Dungeon.
             The game lasted 00:33:30 (5695 turns).

uiiiytp the Cleaver (Minotaur Fighter)              Turns: 5695, Time: 00:33:33

Health: -4/70      AC:  9    Str: 25    XL:     9   Next: 8%
Magic:  8/8        EV:  7    Int:  5    God:
Gold:   223        SH:  9    Dex:  9    Spells: 0 memorised, 8 levels left

rFire  . . .     SeeInvis .     a - +1 war axe
rCold  + . .     Gourm    .     b - +2 scale mail
rNeg   . . .     Faith    .     c - +0 shield
rPois  .         Spirit   .     (helmet restricted)
rElec  .         Dismiss  .     (no cloak)
rCorr  .         Reflect  .     (no gloves)
SustAt .         Harm     .     (no boots)
MR     .....                    (no amulet)
Stlth  ..........               v - ring of flight
                                e - ring of protection from cold

@: not resistant to hostile enchantments, extremely unstealthy
A: retaliatory headbutt, horns 2
a: Evoke Flight


You were on level 7 of the Dungeon.
You were hungry.

You visited 1 branch of the dungeon, and saw 7 of its levels.

You collected 327 gold pieces.
You spent 104 gold pieces at shops.

Inventory:

Hand Weapons
 a - a +1 war axe (weapon)
 A - a +2 dagger of venom
Armour
 b - a +2 scale mail (worn)
 c - a +0 shield (worn)
 d - a +4 ring mail
 G - the +3 leather armour of Pakellas's Outrage {Str+2, unknown}
   (You found it on level 7 of the Dungeon)

   It affects your strength (+2).
 J - a +1 robe of fire resistance
Jewellery
 e - a ring of protection from cold (left hand)
 g - a +3 ring of dexterity
 j - an uncursed ring of resist corrosion
 q - an uncursed ring of magical power
 t - an uncursed ring of positive energy {unknown}
 v - a ring of flight (right hand)
 x - an uncursed amulet of inaccuracy
 y - a +6 ring of dexterity
 B - an uncursed amulet of rage {unknown}
Wands
 D - a wand of random effects (28/48)
Scrolls
 h - a scroll of noise
 m - 4 scrolls of teleportation
 n - 2 scrolls of immolation
 o - 2 scrolls of remove curse
 r - a scroll of fear
 s - a scroll of fog
 H - a scroll of recharging
Potions
 i - a potion of might
 l - 2 potions of brilliance
 p - 2 potions of agility
 w - 3 potions of curing {unknown}
 z - a potion of ambrosia {unknown}
 C - a potion of resistance {unknown}
 F - a potion of degeneration {unknown}
 I - a potion of magic {unknown}
Books
 E - a Grand Grimoire

   Spells                             Type                      Level
   a - Monstrous Menagerie            Summoning                    7
   b - Summon Greater Demon           Summoning                    7
   c - Malign Gateway                 Summoning/Translocation      7
   d - Summon Horrible Things         Summoning                    8
Comestibles
 f - 6 bread rations
 k - 3 meat rations


   Skills:
 - Level 3.6 Fighting
 + Level 13.6 Axes
 - Level 4.2 Armour
 - Level 4.0 Shields


You had 8 spell levels left.
You didn't know any spells.

Dungeon Overview and Level Annotations

Branches:
Dungeon (7/15)             Temple (0/1) D:4

Altars:
Dithmenos
Elyvilon
Fedhas
Nemelex Xobeh
Okawaru
Qazlal
Ru
Xom
Zin

Shops:
D:5 *


Innate Abilities, Weirdness & Mutations

You reflexively headbutt those who attack you in melee.
You have a pair of horns on your head.


Message History

You are electrocuted!
* * * LOW HITPOINT WARNING * * *
Press: ? - help, v - describe, . - travel, g - get item
Here: an orc, wielding a hand axe of electrocution and wearing a leather armour A club.
There is something else lying underneath.
The floor.
Your surroundings suddenly seem different.
A centaur comes into view.
The centaur shouts!
A centaur comes into view.
The centaur shouts!
A centaur comes into view.
The centaur shouts!
The centaur picks up a scroll of remove curse.
The centaur wields a shortbow.
The centaur shoots an arrow.
You block the arrow.
The centaur wields a shortbow.
The centaur shoots an arrow.
You block the arrow.
The centaur wields a shortbow.
The centaur shoots an arrow.
The arrow hits you!
You die...

# ≈≈ #≈≈##
##≈≈≈####
..≈≈≈≈≈.#
c.c≈≈≈≈.###.##.
._≈≈≈≈≈@......#
c.≈≈≈≈≈.###.##.
.c≈≈≈≈≈.#
###≈≈≈≈.#
#≈≈≈#### #≈≈≈#
####


You could see 4 centaurs.

Vanquished Creatures
  The ghost of Karasique the Shooter, an amateur CeHu (D:5)
  Grinder (D:4)
  Eustachio (D:4)
  2 sky beasts
  A phantom (D:4)
  2 ogres (D:5)
  2 giant frogs (D:6)
  A scorpion (D:5)
  A howler monkey (D:6)
  3 crimson imps
  A giant frog zombie (D:5)
  A hound (D:4)
  6 orc priests
  3 jellies (D:5)
  A giant frog skeleton (D:6)
  A centaur skeleton (D:4)
  2 iguanas
  2 orc wizards
  4 worker ants
  A hound skeleton (D:7)
  7 gnolls
  An adder (D:3)
  2 shadow imps
  An adder skeleton (D:4)
  2 worms
  A dart slug (D:4)
  3 giant geckos
  25 orcs
  6 giant cockroaches
  8 goblins
  3 hobgoblins
  8 jackals
  2 quokkas
  2 ball pythons
  8 bats
  A giant gecko skeleton (D:5)
  7 giant newts
  6 kobolds
  A quokka skeleton (D:6)
  8 rats
139 creatures vanquished.

Vanquished Creatures (others)
  An orc wizard (D:4)
1 creature vanquished.

Grand Total: 140 creatures vanquished

Notes
Turn   | Place    | Note
--------------------------------------------------------------
     0 | D:1      | uiiiytp the Minotaur Fighter began the quest for the Orb.
     0 | D:1      | Reached XP level 1. HP: 19/19 MP: 0/0
   173 | D:1      | Reached XP level 2. HP: 26/26 MP: 1/1
   265 | D:1      | Reached skill level 3 in Axes
   921 | D:2      | Reached XP level 3. HP: 31/31 MP: 2/2
  1039 | D:2      | Found a white marble altar of Elyvilon.
  1378 | D:2      | Found a sparkling altar of Nemelex Xobeh.
  1713 | D:3      | Reached skill level 4 in Axes
  1714 | D:3      | Reached XP level 4. HP: 25/39 MP: 3/3
  2060 | D:3      | Reached skill level 5 in Axes
  2172 | D:4      | Found a staircase to the Ecumenical Temple.
  2178 | D:4      | Reached XP level 5. HP: 42/45 MP: 4/4
  2231 | D:4      | Reached skill level 6 in Axes
  2376 | D:4      | Noticed Eustachio
  2390 | D:4      | Reached skill level 7 in Axes
  2390 | D:4      | Reached XP level 6. HP: 11/51 MP: 5/5
  2394 | D:4      | Killed Eustachio
  2394 | D:4      | Reached skill level 8 in Axes
  2767 | D:4      | Reached skill level 9 in Axes
  2767 | D:4      | Reached XP level 7. HP: 45/57 MP: 6/6
  2812 | D:4      | Noticed Grinder
  2816 | D:4      | Paralysed by Grinder for 2 turns
  2829 | D:4      | Killed Grinder
  2849 | D:4      | Reached skill level 10 in Axes
  2936 | D:4      | Found a sparkling altar of Nemelex Xobeh.
  2984 | D:5      | Entered Level 5 of the Dungeon
  3041 | D:5      | Found a shimmering altar of Xom.
  3041 | D:5      | Found a glowing silver altar of Zin.
  3041 | D:5      | Found a blossoming altar of Fedhas.
  3052 | D:5      | Found an iron altar of Okawaru.
  3309 | D:5      | Reached XP level 8. HP: 55/64 MP: 7/7
  3479 | D:5      | Reached skill level 11 in Axes
  3656 | D:5      | Noticed Karasique's ghost (amateur CeHu)
  3679 | D:5      | Killed Karasique's ghost
  4031 | D:5      | Found Aqeoxt's Assorted Antiques.
  4037 | D:5      | Bought a potion of might for 104 gold pieces
  4149 | D:5      | Reached skill level 12 in Axes
  4929 | D:6      | Reached skill level 13 in Axes
  5196 | D:6      | Found a shadowy altar of Dithmenos.
  5278 | D:6      | Reached XP level 9. HP: 70/70 MP: 8/8
  5507 | D:7      | Got a distressingly furry leather armour
  5680 | D:7      | Found a sacrificial altar of Ru.
  5695 | D:7      | Found a stormy altar of Qazlal.
  5695 | D:7      | Shot with an arrow by a centaur

Vault maps used:
D:1:      minmay_arrival_plants_in_alcoves
D:2:      elyvilon_altar_4, nicolae_overflow_crystal_walls, first_bread,
          minmay_misc_feat_roman
D:3:      kennysheep_generic_room_15
D:4:      minmay_temple_entry_junction2, lemuel_statue_altar, uniq_grinder,
          uniq_eustachio
D:5:      nicolae_overflow_quartered_altars, serial_bayou, serial_bayou_pond_a,
          serial_bayou_shore_b, serial_bayou_shore_a, serial_bayou_ford_a,
          serial_shops, kennysheep_little_box, serial_bayou_pond_a
D:6:      nicolae_dithmenos_the_darkroom
D:7:      old_standard_altar, tgw_trog, the_bakery, lemuel_centaur_altar

Skill      XL: |  1  2  3  4  5  6  7  8 |
---------------+-------------------------+-----
Armour         | 4 |  4.2
Axes           | 3 4 5 7 9 10 13 | 13.6
Shields        | 4 |  4.0
Fighting       | |  3.6

Action                   |  1- 3 |  4- 6 |  7- 9 || total
-------------------------+-------+-------+-------++-------
Melee: War axe           |   128 |    95 |   209 ||   432
  Use: Scroll            |    10 |     4 |     4 ||    18
       Potion            |       |     3 |     4 ||     7
  Eat: Fruit             |     2 |     1 |       ||     3
       Pizza             |       |     1 |       ||     1
       Meat ration       |       |     1 |     1 ||     2
       Beef jerky        |       |       |     1 ||     1
